 Dungeon Crawl Stone Soup version 0.25.1-1-g288607f5aa (webtiles) character file.

Game seed: 3750084441636603882

84 Milting the Insei (level 4, -7/29 HPs)
             Began as an Octopode Transmuter on July 14, 2020.
             Mangled by Grinder (9 damage)
             ... while paralysed by Grinder
             ... on level 3 of the Dungeon on July 18, 2020.
             The game lasted 00:07:51 (2199 turns).

Milting the Insei (Octopode Transmuter)             Turns: 2199, Time: 00:07:51

Health: -7/29      AC:  1    Str: 10    XL:     4   Next: 46%
Magic:  7/7        EV:  2    Int: 15    God:
Gold:   116        SH:  0    Dex: 12    Spells: 7/8 levels left

rFire    x . .     SeeInvis .     - Unarmed
rCold    + . .     Gourm    .   (no shield)
rNeg     . . .     Faith    .   (helmet restricted)
rPois    .         Spirit   .   f - amulet of magic regeneration
rElec    .         Reflect  .   h - ring of ice
rCorr    .         Harm     .   m - +4 ring of evasion
MR       .....                  (no ring)
Stlth    ++........             (no ring)
HPRegen  0.09/turn              (no ring)
MPRegen  0.35/turn              (no ring)
                                (no ring)
                                (no ring)

@: paralysed
A: almost no armour, stealthy swim, amphibious, 8 rings, constrict 8, camouflage
1, gelatinous body 1
a: no special abilities


You were on level 3 of the Dungeon.
You were not hungry.

You visited 1 branch of the dungeon, and saw 3 of its levels.

You collected 116 gold pieces.

Inventory:

Missiles
 a - 12 arrows
 b - 98 stones (quivered)
 j - 16 bolts
 p - 5 datura-tipped darts
 q - 3 poisoned darts
Jewellery
 f - an amulet of magic regeneration (around mantle)
 h - a ring of ice (left tentacle)
 m - a +4 ring of evasion (right tentacle)
Scrolls
 e - 3 scrolls of identify {unknown}
 g - 2 scrolls of remove curse {unknown}
 i - a scroll of enchant weapon {unknown}
 n - a scroll of fog {unknown}
 o - 2 scrolls of amnesia {unknown}
Potions
 k - a potion of invisibility {unknown}
 l - a potion of berserk rage {unknown}
Comestibles
 c - 4 rations
 d - 2 chunks of flesh


   Skills:
 + Level 2.0 Fighting
 + Level 2.6 Dodging
 + Level 3.5 Unarmed Combat
 + Level 2.5 Spellcasting
 + Level 2.6 Transmutations


You had 7 spell levels left.
You knew the following spells:

 Your Spells              Type           Power        Failure   Level  Hunger
a - Beastly Appendage     Tmut           #.....       7%          1    #......

Your spell library contained the following spells:

 Spells                   Type           Power        Failure   Level  Hunger
 Sticks to Snakes         Tmut           #.......     11%         2    ###....
 Spider Form              Tmut/Pois      #.........   36%         3    ###....
 Ice Form                 Ice/Tmut       #.......     77%         4    #####..
 Blade Hands              Tmut           #.........   89%         5    ######.


Dungeon Overview and Level Annotations

Branches:
Dungeon (3/15)

Altars:

Annotations:
D:3 Grinder


Innate Abilities, Weirdness & Mutations

You cannot wear most types of armour.
You are very stealthy in the water. (Stealth+)
You are amphibious.
You can wear up to eight rings at the same time.
You can use your tentacles to constrict eight enemies at once.
Your skin changes colour to match your surroundings (Stealth+).
Your rubbery body absorbs attacks. (AC +1, EV +1)


Message History

Grinder is moderately wounded.
You constrict Grinder. Grinder misses you.
You tentacle-slap Grinder. Your squeeze misses Grinder.
Grinder is heavily wounded.
You constrict Grinder. Grinder gestures at you.
You barely resist.
You tentacle-slap Grinder but do no damage.
You squeeze Grinder, but do no damage.
Grinder is heavily wounded.
You constrict Grinder. Grinder gestures at you.
You suddenly lose the ability to move!
You lose your grip on Grinder.
Grinder says, "Tell me all your secrets, or I'll kill you."
Grinder blinks!
Grinder gestures at you. Pain shoots through your body!
* * * LOW HITPOINT WARNING * * *
Grinder hits you!
You die...

##.#########...........#
###......................#
#.#.....#########..........#
#...#..## #..........#
.........#### #..........####
......##....## #..........##..
...... ####..# ####........#....
..... ####.###...........#.##.
.>...####......@.............##.
........(.....##5..........>###.
...............#............#...
...........#..............##
.....#####(###...........##
#.... .# ............# .#.# .#
#......)).#### #. ..
....#####..... .# ..# #.<.....


You could see Grinder.

Vanquished Creatures
  4 adders (D:2)
  A worm (D:2)
  A dart slug (D:2)
  3 leopard geckos
  3 giant cockroaches
  6 hobgoblins
  6 kobolds
  A quokka (D:2)
  2 ball pythons (D:1)
  6 bats
  2 frilled lizards (D:2)
  2 goblins
  5 rats
42 creatures vanquished.

Notes
Turn   | Place    | Note
-------+----------+-------------------------------------------
     0 | D:1      | Milting the Octopode Transmuter began the quest for the
                  | Orb.
     0 | D:1      | Reached XP level 1. HP: 13/13 MP: 3/3
   399 | D:1      | Reached XP level 2. HP: 12/18 MP: 3/5
   926 | D:2      | Reached XP level 3. HP: 23/23 MP: 4/6
  1544 | D:2      | Reached XP level 4. HP: 29/29 MP: 5/7
  2159 | D:3      | Noticed Grinder
  2167 | D:3      | Upgraded the game from 0.25.0-46-gbd7b0854d2 to
                  | 0.25.1-1-g288607f5aa
  2168 | D:3      | Paralysed by Grinder for 6 turns
  2177 | D:3      | Paralysed by Grinder for 6 turns
  2194 | D:3      | Paralysed by Grinder for 7 turns
  2199 | D:3      | Mangled by Grinder

Illustrated notes

Levels and vault maps discovered:
D:1:      sevenhm_arrival_forest_fort_small_5, layout_loops_ring
D:2:      layout_loops_ring, first_ration
D:3:      layout_rooms, uniq_grinder

Skill      XL: |  1  2  3  4 |
---------------+-------------+-----
Fighting       | 2 |  2.0
Dodging        | |  2.6
Unarmed Combat | |  3.5
Spellcasting   | |  2.5
Transmutations | |  2.6

Action                   |  1- 3 |  4- 6 || total
-------------------------+-------+-------++-------
Melee: Unarmed           |    63 |    40 ||   103
       Constrict         |    16 |    10 ||    26
       Kick              |     5 |     4 ||     9
       Tentacles         |     9 |     7 ||    16
       Punch             |     1 |       ||     1
Throw: Stone             |     2 |       ||     2
 Cast: Beastly Appendage |     9 |     3 ||    12
 Stab: Sleeping          |     3 |     2 ||     5
  Eat: Chunk             |     2 |     2 ||     4
Armor: Skin              |     3 |     4 ||     7
Dodge: Dodged            |    48 |    29 ||    77
